 Dungeon Crawl Stone Soup version 0.27.1-33-g824d729ab1 (webtiles) character file.

Game seed: 521241048927212404

115 Aksej the Slasher (level 4, 0/35 HPs)
             Began as a Demonspawn Monk on Nov 28, 2021.
             Slain by an orc (2 damage)
             ... on level 3 of the Dungeon.
             The game lasted 00:06:35 (2646 turns).

Aksej the Slasher (Demonspawn Monk)                 Turns: 2646, Time: 00:06:36

Health: 0/35       AC:  4    Str: 12    XL:     4   Next: 68%
Magic:  4/4        EV: 10    Int: 11    God:
Gold:   32         SH:  7    Dex: 16    Spells: 3/3 levels left

rFire    . . .     SeeInvis .   a - +0 falchion
rCold    . . .     Faith    .   g - +0 kite shield
rNeg     . . .     Spirit   .   b - +0 robe
rPois    .         Reflect  .   (no helmet)
rElec    .         Harm     .   (no cloak)
rCorr    .         Rampage  .   (no gloves)
Will     .....                  (no boots)
Stlth    ++........             (no amulet)
HPRegen  0.11/turn              (no ring)
MPRegen  0.09/turn              (no ring)

@: no status effects
A: yellow scales 1
a: no special abilities


You were on level 3 of the Dungeon.
You visited 1 branch of the dungeon, and saw 3 of its levels.

You collected 32 gold pieces.

Inventory:

Hand Weapons
 a - a +0 falchion (weapon)
Missiles
 c - 5 javelins (quivered)
Armour
 b - a +0 robe (worn)
 g - a +0 kite shield (worn)
Scrolls
 e - 2 scrolls of identify


   Skills:
 + Level 3.5 Fighting
 + Level 4.1 Long Blades
 + Level 0.1 Throwing
 + Level 3.2 Dodging
 + Level 2.1 Stealth
 + Level 0.1 Shields


You had 3 spell levels left.
You didn't know any spells.
Your spell library was empty.

Dungeon Overview and Level Annotations

Branches:
Dungeon (3/15)

Altars:
Makhleb
Yredelemnul

Shops:
D:1 *


Innate Abilities, Weirdness & Mutations

You are partially covered in yellow scales. (AC +2)


Message History

The orc is severely wounded.
You hit the orc but do no damage.
The orc is lightly wounded.
The orc hits you with a +0 mace. You block the orc's attack.
The orc hits you with a +0 mace.
You hit the orc but do no damage.
The orc is lightly wounded.
The orc hits you but does no damage. The orc hits you with a +0 mace.
Unknown command.
You hit the orc but do no damage.
The orc is lightly wounded.
The orc closely misses you. The orc hits you with a +0 mace.
The orc wizard gestures wildly while chanting.
The orc wizard flickers and vanishes!
You block the orc's attack.
Unknown command.
You hit the orc but do no damage.
The orc is lightly wounded.
You block the orc's attack.
You hear some strange, mumbled words.
A magic dart appears from out of thin air!
The magic dart hits you!
* * * LOW HITPOINT WARNING * * *
You hit the orc but do no damage.
The orc is lightly wounded.
An orc comes into view. It is wielding a +0 short sword.
The orc hits you with a +0 mace.
* * * LOW HITPOINT WARNING * * *
Something hits you but does no damage.
Unknown command.
The orc shouts!
You hit the orc but do no damage.
The orc is lightly wounded.
The orc hits you but does no damage. Something hits you.
* * * LOW HITPOINT WARNING * * *
You block the orc's attack. Something hits you but does no damage.
Unknown command.
You closely miss the orc.
The orc is lightly wounded.
The orc hits you with a +0 mace.
You die...

#.....# ##o...#
#....# #....#
#.K..# #..### #
##.# ...
##.#######o....
#..go@{{oooo...
##..o#####o.....
# #....## .....
#. #.....# ....
###.##...#.##
o..
.........#..# ..
.........##.# .
.........##.##
###.##...##..#


You could see 8 orcs and a goblin.

Vanquished Creatures
  Jessica (D:2)
  4 adders (D:2)
  2 worms
  2 dart slugs
  An orc (D:3)
  2 ball pythons
  6 bats
  3 endoplasms
  4 giant cockroaches
  2 goblins
  5 hobgoblins
  2 jackals (D:1)
  A frilled lizard (D:2)
  6 kobolds
  3 rats
44 creatures vanquished.

Notes
Turn   | Place    | Note
-------+----------+-------------------------------------------
     0 | D:1      | Aksej the Demonspawn Monk began the quest for the Orb.
     0 | D:1      | Reached XP level 1. HP: 18/18 MP: 1/1
   317 | D:1      | Found a faded altar of an unknown god.
   467 | D:1      | Found Costam's Assorted Antiques.
   490 | D:1      | Gained mutation: You are partially covered in yellow
                  | scales. (AC +2) [demonic ancestry]
   490 | D:1      | Reached XP level 2. HP: 24/24 MP: 2/2
   493 | D:1      | Reached skill level 3 in Long Blades
  1395 | D:2      | Reached XP level 3. HP: 20/29 MP: 3/3
  1677 | D:2      | Reached XP level 4. HP: 21/35 MP: 4/4
  1795 | D:2      | Noticed Jessica
  1806 | D:2      | Killed Jessica
  1807 | D:2      | Reached skill level 4 in Long Blades
  2505 | D:3      | Found a basalt altar of Yredelemnul.
  2604 | D:3      | Found a burning altar of Makhleb.
  2646 | D:3      | Slain by an orc

Illustrated notes

Levels and vault maps discovered:
D:1:      eino_arrival_water_star, layout_basic, basic_ecumenical_altar,
          serial_shops, shop, minivault_14, minmay_misc_feat_iff
D:2:      layout_rooms, uniq_jessica
D:3:      layout_basic, marbit_many_paths, nicolae_qazlal_scattered_showers,
          mainiacjoe_overflow_boulevard, mainiacjoe_overflow_brackets

Skill      XL: |  1  2  3  4 |
---------------+-------------+-----
Long Blades    | 3 4 |  4.1
Dodging        | 3 |  3.2
Stealth        | 2 |  2.1
Fighting       | |  3.5
Throwing       | |  0.1
Shields        | |  0.1

Action                   |  1- 3 |  4- 6 || total
-------------------------+-------+-------++-------
Melee: Falchion          |   107 |    71 ||   178
Throw: Javelin           |     5 |       ||     5
  Use: Scroll            |     2 |     1 ||     3
       Potion            |       |     2 ||     2
 Stab: Distracted        |     1 |       ||     1
       Sleeping          |       |     1 ||     1
Armor: Robe              |    32 |    18 ||    50
Dodge: Dodged            |    78 |    37 ||   115
Block: Kite shield       |       |    17 ||    17
       Rpst.: Falchion   |    30 |    12 ||    42
